 Dungeon Crawl Stone Soup version 0.31.0-32-g396128a36d (webtiles) character file.

Game seed: 6869513071572632779

357 Alphaeus the Ruffian (level 6, 0/41 HPs)
             Began as an Octopode Shapeshifter on Mar 19, 2024.
             Slain by a gnoll
             ... wielding a +1 spear of venom
             ... led by a gnoll bouda
              (3 damage)
             ... on level 4 of the Dungeon.
             The game lasted 00:02:53 (2468 turns).

Alphaeus the Ruffian (Octopode Shapeshifter)        Turns: 2468, Time: 00:02:54

Health: 0/41       AC:  5    Str: 15    XL:     6   Next: 64%
Magic:  6/6        EV: 13    Int: 13    God:
Gold:   15         SH:  0    Dex: 11    Spells: 5/5 levels left

rFire   . .          .
                       - Unarmed
rCold   . . .        (no shield)
rNeg    . . .        (helmet currently unavailable)
rPois   .            (no amulet)
rElec   .            m - ring of flight
rCorr   .            n - +4 ring of protection
SInv    .            (no ring)
Will    .....        (no ring)
Stlth   ++           (no ring)
HPRegen 0.26/turn    (no ring)
MPRegen 0.10/turn    (no ring)
                     (no ring)

%: no passive effects
@: beast-form, flying
A: beast (slay +2), almost no armour, amphibious, 8 rings, camouflage 1,
gelatinous body 1, (nimble swimmer 1), tentacles
a: Begin Untransformation


You were on level 4 of the Dungeon.
You were a hulking beast.
You visited 1 branch of the dungeon, and saw 4 of its levels.

You collected 45 gold pieces.
You spent 30 gold pieces at shops.

Inventory:

Jewellery
 m - a ring of flight (left tentacle)
 n - a +4 ring of protection (right tentacle)
Talismans
 b - a beast talisman
 c - a flux talisman
Scrolls
 d - 6 scrolls of identify {unknown}
 f - 2 scrolls of enchant weapon {unknown}
 l - a scroll of enchant armour {unknown}
 o - a scroll of poison {unknown}
Potions
 a - 3 potions of lignification
 e - a potion of magic {unknown}
 g - a potion of heal wounds {unknown}
 h - 2 potions of cancellation {unknown}
 j - a potion of mutation {unknown}
 k - a potion of ambrosia {unknown}
 p - a potion of invisibility {unknown}


   Skills:
 + Level 2.7 Fighting
 + Level 3.2 Dodging
 * Level 4.7 Unarmed Combat
 * Level 4.6 Shapeshifting


You had 5 spell levels left.
You didn't know any spells.
Your spell library was empty.

Dungeon Overview and Level Annotations

Branches:
Dungeon (4/15)
 Temple: D:4-7

Altars:
Cheibriados

Shops:
D:3 !


Innate Abilities, Weirdness & Mutations

You are a hulking beast.
Your limbs bulge with bestial killing power. (Slay +2)
You cannot wear most types of armour.
You are amphibious.
You can wear up to eight rings at the same time.
Your skin changes colour to match your surroundings (Stealth+).
Your rubbery body absorbs attacks. (AC +1, EV +1)
((You are camouflaged when in or above water. (Stealth+)))
You have tentacles for arms and can constrict up to eight enemies at once.


Message History

You are poisoned.
The gnoll hits you with a +0 whip! The gnoll completely misses you.
You are too injured to fight recklessly!
You are too injured to fight recklessly!
You are too injured to fight recklessly!
You are too injured to fight recklessly!
You are too injured to fight recklessly!
You are too injured to fight recklessly!
You are too injured to fight recklessly!
You are too injured to fight recklessly!
You are too injured to fight recklessly!
You are too injured to fight recklessly!
You are too injured to fight recklessly!
You are too injured to fight recklessly!
You are too injured to fight recklessly!
You are too injured to fight recklessly!
You are too injured to fight recklessly!
You feel very sick. The gnoll attacks as it pursues you! The gnoll misses you.
The gnoll attacks as it pursues you! The gnoll completely misses you.
The gnoll hits you from afar with a +0 spear.
You see here 18 gold pieces.
You feel sick. The gnoll attacks as it pursues you!
The gnoll barely misses you.
The gnoll hits you from afar with a +1 spear of venom!
* * * LOW HITPOINT WARNING * * *
You are more poisoned.
The gnoll closely misses you.
* * * LOW HITPOINT WARNING * * *
You feel very sick.
You feel better. The gnoll closely misses you. The gnoll completely misses you.
The gnoll hits you with a +0 whip.
* * * LOW HITPOINT WARNING * * *
Your attacks no longer feel as feeble.
The gnoll attacks as it pursues you!
The gnoll hits you from afar with a +0 spear.
* * * LOW HITPOINT WARNING * * *
The gnoll attacks as it pursues you!
The gnoll hits you from afar with a +1 spear of venom.
You die...

#≈......## #≈.#....# #
### ##≈..#...### ...
#≈≈.###..##. ≈≈##
#.#####≈≈.# #..... .≈≈≈
#.#≈≈≈≈≈..# ##.... .≈≈≈≈
#.#≈≈≈≈≈.### #.... ..≈≈≈
#$#≈≈≈≈....##.....
...≈≈≈#h#≈≈≈............
.....≈#.#≈...#...##.....
......ggg..####.###.....
.......$....##........##
.................>..#.
.......)...........#
##..................
..................
.......♣.♣♣♣♣♣♣♣..


You could see 3 gnolls.

Vanquished Creatures
  Sigmund (D:3)
  A bombardier beetle (D:4)
  A gnoll bouda (D:4)
  Terence (D:3)
  An adder (D:4)
  4 dart slugs
  2 ribbon worms
  An orc (D:3)
  12 endoplasms
  6 giant cockroaches
  5 goblins
  5 hobgoblins
  6 jackals
  2 quokkas
  7 ball pythons
  7 bats
  3 frilled lizards
  8 kobolds
  6 rats
79 creatures vanquished.

Notes
Turn   | Place    | Note
-------+----------+-------------------------------------------
     0 | D:1      | Alphaeus the Octopode Shapeshifter began the quest for the
                  | Orb.
     0 | D:1      | Reached XP level 1. HP: 13/13 MP: 1/1
     3 | D:1      | Found a runed translucent door.
   152 | D:1      | Reached XP level 2. HP: 18/18 MP: 2/2
   409 | D:1      | Found a faded altar of an unknown god.
   566 | D:1      | Reached XP level 3. HP: 22/23 MP: 3/3
   766 | D:1      | HP: 1/23 [ribbon worm (7)]
  1097 | D:2      | Reached XP level 4. HP: 24/29 MP: 4/4
  1445 | D:3      | Found Sikunedoi's Distillery.
  1451 | D:3      | Bought a potion of curing for 30 gold pieces
  1473 | D:3      | Found a snail-covered altar of Cheibriados.
  1521 | D:3      | Noticed Sigmund
  1530 | D:3      | Killed Sigmund
  1531 | D:3      | Reached XP level 5. HP: 24/35 MP: 5/5
  1531 | D:3      | Reached XP level 6. HP: 28/41 MP: 6/6
  2029 | D:3      | Noticed Terence
  2040 | D:3      | Killed Terence
  2466 | D:4      | HP: 1/41 [poisoned by a gnoll]
  2468 | D:4      | Slain by a gnoll

Illustrated notes

Levels and vault maps discovered:
D:1:      dpeg_arrival_caged_fury, layout_loops_ring, basic_ecumenical_altar,
          minmay_pentomino_t2
D:2:      layout_rooms, chequers_serial_rivers_large_a, minmay_between
D:3:      layout_loops_ring, mainiacjoe_overflow_alcove_2, serial_shops,
          shop_fountains, nicolae_figureground_pulse, uniq_sigmund, uniq_terence
D:4:      layout_layer_cave, serial_shops, nicolae_shop_tiny_statue_garden,
          grunt_decor_junction, serial_bayou_pond_e, serial_bayou_lake_a,
          uniq_duvessa

Skill      XL: |  1  2  3  4 |
---------------+-------------+-----
Fighting       | 2 |  2.7
Dodging        | 3 |  3.2
Unarmed Combat | 4 |  4.7
Shapeshifting  | 4 |  4.6

Action                     |  1- 3 |  4- 6 || total
---------------------------+-------+-------++-------
  Melee: Unarmed           |    77 |    73 ||   150
         Constrict         |    19 |    18 ||    37
         Punch             |     2 |       ||     2
         Tentacles         |    12 |    17 ||    29
    Use: Potion            |     1 |     1 ||     2
   Stab: Sleeping          |     8 |     3 ||    11
 Armour: Skin              |    34 |    33 ||    67
  Dodge: Dodged            |    42 |    47 ||    89
